 Dungeon Crawl Stone Soup version 0.28.0 (webtiles) character file.

Game seed: 13274803279532035644

286 HallandMoats the Shield-Bearer (level 6, -11/53 HPs)
             Began as a Gnoll Fighter on Feb 7, 2022.
             Was an Initiate of Jiyva.
             Killed from afar by Sigmund (12 damage)
             ... with a puff of flame
             ... on level 4 of the Dungeon.
             The game lasted 00:05:03 (3434 turns).

HallandMoats the Shield-Bearer (Gnoll Fighter)      Turns: 3434, Time: 00:05:03

Health: -11/53     AC: 10    Str: 16    XL:     6   Next: 30%
Magic:  8/8        EV:  9    Int:  7    God:    Jiyva [......]
Gold:   119        SH:  5    Dex: 13    Spells: 8/8 levels left

rFire   . . .      SeeInvis .   a - +0 war axe
rCold   . . .      Faith    .   c - +0 buckler
rNeg    . . .      Spirit   .   b - +0 scale mail
rPois   .          Reflect  .   (no helmet)
rElec   .          Harm     .   e - +0 cloak
rCorr   .          Rampage  .   q - +0 pair of gloves
Will    .....                   (no boots)
Stlth   +.........              l - amulet of the acrobat
HPRegen 0.17/turn               (no ring)
MPRegen 0.11/turn               (no ring)

@: mighty
A: fangs 1, strong nose, distributed training
a: Renounce Religion


You were on level 4 of the Dungeon.
You worshipped Jiyva.
Jiyva was noncommittal.
You visited 1 branch of the dungeon, and saw 4 of its levels.
You also visited: Sewer.

You collected 132 gold pieces.
You donated 13 gold pieces to Zin.

Inventory:

Hand Weapons
 a - a +0 war axe (weapon)
Armour
 b - a +0 scale mail (worn)
 c - a +0 buckler (worn)
 e - a +0 cloak (worn)
 q - a +0 pair of gloves (worn)
Jewellery
 l - an amulet of the acrobat (around neck)
Scrolls
 f - a scroll of magic mapping {unknown}
 g - 3 scrolls of fear {unknown}
 h - a scroll of noise {unknown}
 i - 5 scrolls of identify {unknown}
 k - 2 scrolls of fog {unknown}
 n - a scroll of enchant armour {unknown}
Potions
 j - a potion of curing {unknown}
 m - a potion of attraction {unknown}
 o - a potion of haste
 p - a potion of resistance {unknown}


   Skills:
 + Level 6.8 Fighting
 + Level 1.9 Short Blades
 + Level 1.9 Long Blades
 + Level 4.9 Axes
 + Level 1.9 Maces & Flails
 + Level 1.9 Polearms
 + Level 1.9 Staves
 + Level 1.9 Slings
 + Level 1.9 Bows
 + Level 1.9 Crossbows
 + Level 1.9 Throwing
 + Level 6.8 Armour
 + Level 1.9 Dodging
 + Level 1.9 Stealth
 + Level 6.8 Shields
 + Level 1.9 Unarmed Combat
 + Level 1.9 Spellcasting
 + Level 1.5 Conjurations
 + Level 1.5 Hexes
 + Level 1.5 Summonings
 + Level 1.5 Necromancy
 + Level 1.5 Translocations
 + Level 1.5 Transmutations
 + Level 1.5 Fire Magic
 + Level 1.5 Ice Magic
 + Level 1.5 Air Magic
 + Level 1.5 Earth Magic
 + Level 1.5 Poison Magic
 + Level 2.1 Invocations
 + Level 1.9 Evocations


You had 8 spell levels left.
You didn't know any spells.
Your spell library contained the following spells:

 Spells                   Type           Power      Damage    Failure   Level
 Portal Projectile        Hex/Tloc       4%         N/A       94%         3
 Blade Hands              Tmut           1%         N/A       100%        5
 Excruciating Wounds      Necr           1%         N/A       100%        5


Dungeon Overview and Level Annotations

Branches:
Dungeon (4/15)              Sewer (visited)
 Temple: D:4-7

Altars:
Ashenzari
Zin

Annotations:
D:4 Sigmund


Innate Abilities, Weirdness & Mutations

You have very sharp teeth.
Your uncanny sense of smell can sniff out nearby items.
Your experience applies equally to all skills.


Message History

You hear a distant slurping noise.
You hear a distant slurping noise.
You see here a +0 pair of gloves.
q - a +0 pair of gloves You hear a distant slurping noise.
You start putting on your armour.
You continue putting on your +0 pair of gloves. x4
You hear a distant slurping noise.
You finish putting on your +0 pair of gloves.
Something unseen opens the door.
You sense a monster nearby.
Sigmund points at you and mumbles some strange words.
The magic dart hits you!
Sigmund is nearby!
Sigmund is nearby!
You feel very mighty all of a sudden.
Sigmund mumbles some strange words.
Sigmund flickers and vanishes!
Deactivating autopickup; reactivate with Ctrl-A.
A magic dart appears from out of thin air!
The magic dart hits you! Something hits you!
You closely miss something. Something hits you.
You closely miss something. Something hits you.
You closely miss something. Something hits you.
You hit something. Something completely misses you.
You closely miss something. Something hits you.
* * * LOW HITPOINT WARNING * * *
You hit something. Your bite misses something. You closely miss something.
Something hits you!
* * * LOW HITPOINT WARNING * * *
You hit something. Something hits you.
* * * LOW HITPOINT WARNING * * *
You closely miss something. Your bite misses something.
Something hits you but does no damage.
You hit something.
You hear some strange, mumbled words.
A puff of flame appears from out of thin air!
The puff of flame hits you!
You die...

#...........#8... .....>#.#
##.....####+##.........##.#######
##.....####.##8...8...8##........
..........#.# ##_###8 #........
..........#.#############........
..........'......................
##....########'####....###..##...
##....##.##.##.{##########..##...
.......#....('..@..........).#...
.......'.....#...............#...
...h...#.....#...............#...
...<...#.....#.......<.......#...
.......#.....#...............#...
###########.##...#####'####.##...
#.#######'###...##########
............#.....##≈#####
............#.....#≈≈≈≈≈≈#


There were no monsters in sight!

Vanquished Creatures
  A scorpion (D:4)
  A jelly (Sewer)
  6 adders
  A river rat (Sewer)
  An adder skeleton (D:4)
  6 worms
  A dart slug (D:3)
  8 bats
  9 endoplasms
  8 giant cockroaches
  5 hobgoblins
  14 jackals
  4 quokkas
  10 ball pythons
  6 frilled lizards
  6 goblins
  9 kobolds
  14 rats
110 creatures vanquished.

Vanquished Creatures (others)
  2 endoplasms (D:4)
  2 rats (Sewer)
4 creatures vanquished.

Grand Total: 114 creatures vanquished

Notes
Turn   | Place    | Note
-------+----------+-------------------------------------------
     0 | D:1      | HallandMoats the Gnoll Fighter began the quest for the Orb.
     0 | D:1      | Reached XP level 1. HP: 23/23 MP: 1/1
   219 | D:1      | Reached XP level 2. HP: 25/29 MP: 2/2
   581 | D:1      | Reached XP level 3. HP: 32/35 MP: 3/3
   810 | D:1      | Reached skill level 1 in Invocations
  1210 | D:2      | Found a faded altar of an unknown god.
  1244 | D:2      | Prayed at the altar of an unknown god.
  1244 | D:2      | Became a worshipper of Zin the Law-Giver
  1244 | D:2      | Reached * piety under Zin
  1287 | D:2      | Reached skill level 1 in Short Blades
  1287 | D:2      | Reached skill level 1 in Long Blades
  1287 | D:2      | Reached skill level 1 in Maces & Flails
  1287 | D:2      | Reached skill level 1 in Polearms
  1287 | D:2      | Reached skill level 1 in Staves
  1287 | D:2      | Reached skill level 1 in Slings
  1287 | D:2      | Reached skill level 1 in Bows
  1287 | D:2      | Reached skill level 1 in Crossbows
  1287 | D:2      | Reached skill level 1 in Throwing
  1287 | D:2      | Reached skill level 1 in Dodging
  1287 | D:2      | Reached skill level 1 in Stealth
  1287 | D:2      | Reached skill level 1 in Unarmed Combat
  1287 | D:2      | Reached skill level 1 in Spellcasting
  1287 | D:2      | Reached skill level 1 in Evocations
  1351 | D:2      | Reached ** piety under Zin
  1422 | D:2      | Reached XP level 4. HP: 41/41 MP: 5/5
  1707 | D:2      | Reached skill level 1 in Conjurations
  1707 | D:2      | Reached skill level 1 in Hexes
  1707 | D:2      | Reached skill level 1 in Summonings
  1707 | D:2      | Reached skill level 1 in Necromancy
  1707 | D:2      | Reached skill level 1 in Translocations
  1707 | D:2      | Reached skill level 1 in Transmutations
  1707 | D:2      | Reached skill level 1 in Fire Magic
  1707 | D:2      | Reached skill level 1 in Ice Magic
  1707 | D:2      | Reached skill level 1 in Air Magic
  1707 | D:2      | Reached skill level 1 in Earth Magic
  1707 | D:2      | Reached skill level 1 in Poison Magic
  2007 | D:3      | Reached XP level 5. HP: 32/47 MP: 6/6
  2734 | D:4      | Found a glowing drain.
  2743 | Sewer    | Entered a sewer
  2834 | Sewer    | Reached XP level 6. HP: 53/53 MP: 8/8
  3067 | Sewer    | Found a viscous altar of Jiyva.
  3139 | Sewer    | Fell from the grace of Zin
  3139 | Sewer    | Became a worshipper of Jiyva Jimm the Shapeless
  3305 | D:4      | Found a broken altar of Ashenzari.
  3339 | D:4      | Noticed a black bear
  3339 | D:4      | Noticed Sigmund
  3432 | D:4      | HP: 1/53 [something (5)]
  3434 | D:4      | Killed from afar by Sigmund

Illustrated notes

Levels and vault maps discovered:
D:1:      dpeg_arrival_radiant, layout_basic
D:2:      minmay_chambers_of_ones, layout_basic, nicolae_ecumenical_pavilion,
          grunt_ministairs_15
D:3:      layout_basic, roderic_cross_of_infinity
D:4:      layout_gridville, nicolae_overflow_hidden_temple,
          gup_sewer_entry_bubbles, minmay_mini_jars, uniq_sigmund, uniq_ijyb,
          uniq_blork_the_orc

Skill      XL: |  1  2  3  4  5  6 |
---------------+-------------------+-----
Invocations    | 1 2 |  2.1
Short Blades   | 1 |  1.9
Long Blades    | 1 |  1.9
Maces & Flails | 1 |  1.9
Polearms       | 1 |  1.9
Staves         | 1 |  1.9
Slings         | 1 |  1.9
Bows           | 1 |  1.9
Crossbows      | 1 |  1.9
Throwing       | 1 |  1.9
Dodging        | 1 |  1.9
Stealth        | 1 |  1.9
Unarmed Combat | 1 |  1.9
Spellcasting   | 1 |  1.9
Evocations     | 1 |  1.9
Conjurations   | 1 |  1.5
Hexes          | 1 |  1.5
Summonings     | 1 |  1.5
Necromancy     | 1 |  1.5
Translocations | 1 |  1.5
Transmutations | 1 |  1.5
Fire Magic     | 1 |  1.5
Ice Magic      | 1 |  1.5
Air Magic      | 1 |  1.5
Earth Magic    | 1 |  1.5
Poison Magic   | 1 |  1.5
Fighting       | |  6.8
Axes           | |  4.9
Armour         | |  6.8
Shields        | |  6.8

Action                   |  1- 3 |  4- 6 || total
-------------------------+-------+-------++-------
Melee: War axe           |   108 |   188 ||   296
       Bite              |     8 |    19 ||    27
  Use: Potion            |       |     1 ||     1
Armor: Scale mail        |    43 |    90 ||   133
Dodge: Dodged            |    42 |    84 ||   126
Block: Buckler           |    27 |    33 ||    60
